 Dungeon Crawl Stone Soup version 0.29.0-13-gc9e81de378 (webtiles) character file.

Game seed: 17408657180195239377

1646 SnakkuSnakku7 the Basher (level 8, -2/72 HPs)
             Began as an Ogre Enchanter on Sept 7, 2022.
             Shot with an arrow by a centaur (5 damage)
             ... on level 7 of the Dungeon.
             The game lasted 00:09:42 (8418 turns).

SnakkuSnakku7 the Basher (Ogre Enchanter)           Turns: 8418, Time: 00:09:42

Health: -2/72      AC:  6    Str: 12 (13) XL:     8   Next: 99%
Magic:  11/12      EV:  9    Int: 15 (16) God:
Gold:   324        SH:  0    Dex:  8 (11) Spells: 11/11 levels left

rFire   . . .      SeeInvis .   a - +2 flail (protect)
rCold   . . .      Faith    .   (no shield)
rNeg    . . .      Spirit   .   x - +0 steam dragon scales
rPois   +          Reflect  .   (helmet restricted)
rElec   .          Harm     .   (no cloak)
rCorr   .          Rampage  .   (gloves unavailable)
Will    .....                   (boots unavailable)
Stlth   ++........              (no amulet)
HPRegen 0.22/turn               w - ring of poison resistance
MPRegen 0.13/turn               (no ring)

@: brilliant, invisible
A: large, unfitting armour, tough skin 1, high MP 1, sense surroundings 1
a: no special abilities


You were on level 7 of the Dungeon.
You visited 2 branches of the dungeon, and saw 8 of its levels.

You collected 324 gold pieces.

Inventory:

Hand Weapons
 a - a +2 flail of protection (weapon)
 b - a +0 whip of electrocution
 e - a +1 dagger
Missiles
 d - a curare-tipped dart
 i - a throwing net
 u - 12 poisoned darts (quivered)
Armour
 x - +0 steam dragon scales (worn)
Jewellery
 w - a ring of poison resistance (left hand)
Wands
 f - a wand of iceblast (4)
Scrolls
 g - 5 scrolls of teleportation
 m - a scroll of vulnerability
 o - a scroll of enchant weapon
 r - 4 scrolls of magic mapping
 s - a scroll of amnesia {unknown}
 t - a scroll of torment {unknown}
 v - 2 scrolls of poison {unknown}
 y - a scroll of summoning {unknown}
Potions
 h - 4 potions of degeneration
 j - 4 potions of curing
 k - a potion of cancellation
 l - 3 potions of haste
 n - a potion of attraction
 p - a potion of brilliance
 q - 2 potions of mutation


   Skills:
 - Level 2.3 Fighting
 - Level 0.8 Short Blades
 + Level 8.7 Maces & Flails
 - Level 4.9 Throwing
 - Level 1.7 Dodging
 - Level 2.1 Stealth
 - Level 2.4 Spellcasting
 - Level 2.6 Hexes


You had 11 spell levels left.
You didn't know any spells.
Your spell library contained the following spells:

 Spells                   Type           Power      Damage    Failure   Level
 Ensorcelled Hibernation  Hex/Ice        16%        N/A       19%         2
 Shock                    Conj/Air       8%         1d3       22%         1
 Confusing Touch          Hex            14%        N/A       22%         3
 Tukima's Dance           Hex            14%        N/A       22%         3
 Dazzling Flash           Conj/Hex       16%        N/A       36%         3
 Conjure Flame            Conj/Fire      2%         6-21      54%         3
 Ignite Poison            Fire/Tmut/Pois 2%         N/A       54%         3
 Spider Form              Tmut/Pois      2%         N/A       54%         3
 Swiftness                Air            2%         N/A       54%         3
 Anguish                  Hex/Necr       4%         N/A       77%         4
 Airstrike                Air            1%         2d(1-17)  91%         4
 Sticky Flame             Conj/Fire      2%         2d3       91%         4


Dungeon Overview and Level Annotations

Branches:
Dungeon (7/15)             Temple (1/1) D:6

Altars:
Ashenzari
Cheibriados
Elyvilon
Fedhas
Gozag
Hepliaklqana
Kikubaaqudgha
Makhleb
Nemelex Xobeh
Qazlal
Ru
Sif Muna
Uskayaw
Vehumet
Wu Jian
Xom
Yredelemnul
Zin


Innate Abilities, Weirdness & Mutations

You are too large for most types of armour.
You have tough skin. (AC +1)
You have an increased reservoir of magic. (+10% MP)
You passively map a small area around you.


Message History

The centaur is moderately wounded.
The centaur barely misses you. The centaur kicks you.
* * * LOW HITPOINT WARNING * * *
You thump the centaur!
The centaur is severely wounded.
Your surroundings suddenly seem different.
An orc warrior and an orc wizard come into view.
Found an escape hatch in the floor.
Unknown command.
The orc priest begins to cast a cantrip, but forgets the words!
The orc wizard casts a spell at you. The magic dart hits you.
* * * LOW HITPOINT WARNING * * *
As you read the scroll of teleportation, it crumbles to dust.
You feel strangely unstable.
The orc wizard casts a spell.
The orc wizard flickers and vanishes!
Deactivating autopickup; reactivate with Ctrl-A.
Found 10 gold pieces.
Your surroundings suddenly seem different.
Found 18 gold pieces.
A centaur comes into view.
The centaur shouts!
The centaur wields a +0 shortbow.
The centaur shoots an arrow.
The arrow hits you!
* * * LOW HITPOINT WARNING * * *
Okay, then.
It was a potion of degeneration.
There was something very wrong with that liquid.
You feel weakened.
You feel dopey.
You feel clumsy.
You fade into invisibility!
A white imp comes into view.
The centaur shoots an arrow.
The arrow closely misses you.
It was a potion of mutation.
You feel extremely strange.
You feel a strange attunement to the structure of the dungeons.
You feel more energetic.
It was a potion of brilliance.
You feel clever all of a sudden.
The centaur shoots an arrow.
The arrow hits you.
You die...

....... ........ ,
....... ,#......
....... #...... , * *
........#....... ,
*........#..###.. ,
*##...............$
#...# ,, #........
..##.##..##,,
##......#. ....c..@##
#.......#. ......#.#
##.)...... .5......#
###.......#.
.#.#..#.#
..........##. , #
#..#..,,....#....<...
, .. ### ...
#........ ...
,.,........... #.. ,
............ ,
...........#


You could see a centaur (unable to see you) and a white imp (unable to see you).

Vanquished Creatures
  Sigmund (D:2)
  A wyvern (D:7)
  A steam dragon (D:6)
  A water moccasin (D:5)
  An ice beast (D:6)
  A kobold brigand (D:6)
  A bullfrog (D:6)
  2 scorpions
  A necrophage (D:5)
  A gnoll sergeant (D:5)
  A howler monkey (D:5)
  2 hounds (D:6)
  2 jellies (D:6)
  An orc priest (D:5)
  5 iguanas
  Ijyb (D:3)
  An orc wizard (D:5)
  3 gnolls
  16 adders
  2 ufetubi (D:6)
  2 worms
  A dart slug (D:5)
  10 orcs
  2 bats (D:2)
  4 endoplasms
  5 giant cockroaches
  10 goblins
  4 hobgoblins
  2 jackals (D:3)
  3 quokkas
  10 ball pythons
  2 frilled lizards
  12 kobolds
  4 rats
116 creatures vanquished.

Notes
Turn   | Place    | Note
-------+----------+-------------------------------------------
     0 | D:1      | SnakkuSnakku7 the Ogre Enchanter began the quest for the
                  | Orb.
     0 | D:1      | Reached XP level 1. HP: 16/16 MP: 3/3
     9 | D:1      | Reached skill level 1 in Fighting
    81 | D:1      | Reached XP level 2. HP: 27/28 MP: 5/5
   347 | D:1      | Reached skill level 1 in Maces & Flails
   429 | D:2      | Reached XP level 3. HP: 21/35 MP: 6/6
   692 | D:2      | Found a faded altar of an unknown god.
   779 | D:2      | Noticed Sigmund
  1024 | D:2      | Reached skill level 2 in Maces & Flails
  1480 | D:2      | Reached XP level 4. HP: 37/42 MP: 7/7
  1744 | D:2      | Killed Sigmund
  1745 | D:2      | Reached skill level 4 in Maces & Flails
  1745 | D:2      | Reached XP level 5. HP: 44/49 MP: 8/8
  1745 | D:2      | Reached XP level 6. HP: 51/57 MP: 9/9
  2168 | D:3      | Noticed Ijyb
  2178 | D:3      | Killed Ijyb
  2179 | D:3      | Reached skill level 5 in Maces & Flails
  4189 | D:5      | Entered Level 5 of the Dungeon
  4199 | D:5      | Found a burning altar of Makhleb.
  4211 | D:5      | Found a stormy altar of Qazlal.
  4213 | D:5      | Found a white marble altar of Elyvilon.
  4257 | D:5      | Reached skill level 6 in Maces & Flails
  4257 | D:5      | Reached XP level 7. HP: 47/65 MP: 10/10
  5336 | D:5      | Found a shimmering altar of Xom.
  5401 | D:5      | Reached skill level 1 in Throwing
  5412 | D:5      | Identified the +6 short sword "Qugguargh" {venom, rElec
                  | rCorr Str+2 Int-2}
  5456 | D:5      | Reached skill level 7 in Maces & Flails
  5621 | D:5      | HP: 3/65 [poisoned by a water moccasin]
  5956 | D:5      | Reached XP level 8. HP: 72/72 MP: 11/11
  7228 | D:6      | Found a staircase to the Ecumenical Temple.
  7382 | Temple   | Entered the Ecumenical Temple
  7715 | D:6      | Reached skill level 8 in Maces & Flails
  8302 | D:6      | Found a broken altar of Ashenzari.
  8360 | D:7      | Noticed a wyvern
  8373 | D:7      | Killed a wyvern
  8414 | D:7      | HP: 2/72 [centaur/arrow (11)]
  8417 | D:7      | Gained mutation: You passively map a small area around you.
                  | [potion of mutation]
  8417 | D:7      | Gained mutation: You have an increased reservoir of magic.
                  | (+10% MP) [potion of mutation]
  8418 | D:7      | Shot with an arrow by a centaur

Illustrated notes

Levels and vault maps discovered:
D:1:      scummos_arrival_simple_crosswalls, layout_rooms, lemuel_old_faithful
D:2:      layout_basic, chequers_ecumenical_altar_simple_redux, st_stairs_13,
          grunt_ministairs_9, uniq_sigmund
D:3:      layout_basic, uniq_ijyb
D:4:      layout_loops_corners, minmay_snake_closets
D:5:      layout_loops_corners, general_overflow_altar, minitemple
D:6:      layout_loops_ring, marbit_many_paths, temple_statues
D:7:      layout_cave_pools, trog_butcher_becter
Temple:   nicolae_temple_figure_eight

Skill      XL: |  1  2  3  4  5  6  7  8 |
---------------+-------------------------+-----
Fighting       | 2 |  2.3
Maces & Flails | 1 2 4 6 7 8 |  8.7
Throwing       | 2 4 |  4.9
Short Blades   | |  0.8
Dodging        | |  1.7
Stealth        | |  2.1
Spellcasting   | |  2.4
Hexes          | |  2.6

Action                   |  1- 3 |  4- 6 |  7- 9 || total
-------------------------+-------+-------+-------++-------
Melee: Dagger            |    19 |       |       ||    19
       Whip              |    96 |   175 |   218 ||   489
       Punch             |       |     2 |     1 ||     3
       Flail             |       |       |    10 ||    10
Throw: Throwing net      |       |     1 |     2 ||     3
       Dart              |       |       |     3 ||     3
  Use: Scroll            |       |     9 |     4 ||    13
       Potion            |       |       |     8 ||     8
 Stab: Sleeping          |     3 |    10 |     5 ||    18
       Invisible         |       |       |     1 ||     1
Armor: Robe              |    34 |    30 |    26 ||    90
       Steam dragon scal |       |       |     6 ||     6
       Skin              |       |       |     5 ||     5
Dodge: Dodged            |    57 |    75 |    86 ||   218
